 Dungeon Crawl Stone Soup version 0.30-a0-6-g7c9e10e132 (webtiles) character file.

Game seed: 15497885876649641453

42 porpoise the Poker (level 3, -1/28 HPs)
             Began as a Demonspawn Gladiator on Aug 23, 2022.
             Succumbed to Terence's poison
             ... on level 2 of the Dungeon.
             The game lasted 00:02:39 (1428 turns).

porpoise the Poker (Demonspawn Gladiator)           Turns: 1428, Time: 00:02:39

Health: -1/28      AC:  7    Str: 16    XL:     3   Next: 33%
Magic:  3/3        EV: 10    Int:  9    God:
Gold:   130        SH:  4    Dex: 14    Spells: 2/2 levels left

rFire   + . .      SeeInvis .    a - +0 trident
rCold   + . .      Faith    .    (no shield)
rNeg    . . .      Spirit   .    j - +0 scale mail
rPois   +          Reflect  .    c - +0 helmet
rElec   +          Harm     .    (no cloak)
rCorr   +          Rampage  .    (no gloves)
Will    .....                    (no boots)
Stlth   ..........               (no amulet)
HPRegen 0.09/turn                (no ring)
MPRegen 0.08/turn                (no ring)

@: lethally poisoned (-1 -> -9), resistant
A: powered by death 1, condensation shield
a: no special abilities


You were on level 2 of the Dungeon.
You visited 1 branch of the dungeon, and saw 2 of its levels.

You collected 130 gold pieces.

Inventory:

Hand Weapons
 a - a +0 trident (weapon)
Missiles
 b - 4 poisoned darts (quivered)
 e - a javelin
 h - 6 atropa-tipped darts
Armour
 c - a +0 helmet (worn)
 j - a +0 scale mail (worn)
Scrolls
 f - a scroll of blinking {unknown}
 k - a scroll of identify {unknown}
 n - a scroll of immolation {unknown}
Potions
 g - 2 potions of curing {unknown}
 i - a potion of might {unknown}
 l - a potion of resistance
 m - a potion of attraction {unknown}
 o - a potion of mutation {unknown}
 p - 2 potions of cancellation {unknown}
 q - a potion of berserk rage {unknown}
 r - a potion of lignification {unknown}


   Skills:
 + Level 2.7 Fighting
 * Level 3.6 Polearms
 - Level 1.7 Throwing
 - Level 2.6 Dodging


You had 2 spell levels left.
You didn't know any spells.
Your spell library contained the following spells:

 Spells                   Type           Power      Damage    Failure   Level
 Static Discharge         Conj/Air       0%         3-3/arc   93%         2
 Dispel Undead            Necr           0%         3d6       100%        4
 Sticky Flame             Conj/Fire      0%         2d3       100%        4


Dungeon Overview and Level Annotations

Branches:
Dungeon (2/15)

Altars:


Innate Abilities, Weirdness & Mutations

You regenerate a little health from kills.
A meltable shield of frost defends you. (SH +4)


Message History

Terence struggles against the net.
The net rips apart, and Terence comes free!
You hit Terence.
Terence is severely wounded.
You block Terence's attack.
You hit Terence but do no damage.
Terence is severely wounded.
Terence misses you.
You barely miss Terence.
Terence is severely wounded.
Terence hits you with a +5 short sword of venom.
You are poisoned.
You hit Terence but do no damage.
Terence is severely wounded.
You feel very sick. Terence completely misses you.
You hit Terence.
Terence is almost dead.
You feel very sick. Terence closely misses you. Terence barely misses you.
You hit Terence.
Terence is almost dead.
You feel sick.
Terence hits you with a +5 short sword of venom.
* * * LOW HITPOINT WARNING * * *
You are more poisoned.
You hit Terence.
You kill Terence!
* * * LOW HITPOINT WARNING * * *
You feel very sick.
You have reached level 3!
Your experience leads to an increase in your attributes!
Increase (S)trength, (I)ntelligence, or (D)exterity?
You feel stronger. x2; Your demonic ancestry asserts itself...
A wave of death washes over you.
* * * LOW HITPOINT WARNING * * *
You feel very sick.
It was a potion of resistance.
You feel protected.
You die...

###+### ...(...
.......##
........########
......)........#
#@.......#
####...†....#
#....##†..####+###
#.#######.........
.. ##.###.## ##
#.#<#.#
#.#.#.###.#
########
#.#.......#
#......#
#.##..#####


There were no monsters in sight!

Vanquished Creatures
  Terence (D:2)
  A dart slug (D:1)
  A goblin (D:1)
  4 hobgoblins
  A kobold (D:1)
  3 ball pythons
  2 bats (D:1)
  3 rats
16 creatures vanquished.

Notes
Turn   | Place    | Note
-------+----------+-------------------------------------------
     0 | D:1      | porpoise the Demonspawn Gladiator began the quest for the
                  | Orb.
     0 | D:1      | Reached XP level 1. HP: 16/16 MP: 1/1
   295 | D:1      | Found a faded altar of an unknown god.
   410 | D:1      | Reached skill level 3 in Polearms
   522 | D:1      | Gained mutation: A meltable shield of frost defends you.
                  | (SH +4) [demonic ancestry]
   522 | D:1      | Reached XP level 2. HP: 12/22 MP: 2/2
  1403 | D:2      | Noticed Terence
  1426 | D:2      | Killed Terence
  1427 | D:2      | Gained mutation: You regenerate a little health from kills.
                  | [demonic ancestry]
  1427 | D:2      | Reached XP level 3. HP: 4/28 MP: 3/3
  1427 | D:2      | HP: 1/28 [poisoned by Terence]
  1428 | D:2      | Succumbed to Terence's poison

Illustrated notes

Levels and vault maps discovered:
D:1:      shiori_shiawase, layout_basic,
          hellmonk_ecumenical_altar_inner_sanctum, roderic_roman_lattice
D:2:      minmay_spotlight, layout_basic, uniq_terence

Skill      XL: |  1 |
---------------+----+-----
Polearms       | 3 |  3.6
Fighting       | |  2.7
Throwing       | |  1.7
Dodging        | |  2.6

Action                   || total
-------------------------++-------
Melee: Trident           ||    61
Throw: Throwing net      ||     3
  Use: Potion            ||     1
Armor: Scale mail        ||    14
Dodge: Dodged            ||    19
Block: Other             ||     4

Table legend: (Time is in decaauts)
 A = Elapsed time spent in this place.
 B = Non-inter-level travel time spent in this place.
 C = Inter-level travel time spent in this place.
 D = Time resting spent in this place.
 E = Time spent auto-exploring this place.
 F = Levels seen in this place.
 G = Mean time per level.
                   A        B        C        D        E       F      G
               +--------+--------+--------+--------+--------+-----+--------+
         Total |   1436 |   1400 |     36 |    264 |    914 |   2 |  718.0 |
       Dungeon |   1436 |   1400 |     36 |    264 |    914 |   2 |  718.0 |
               +--------+--------+--------+--------+--------+-----+--------+

Top non-repeatable levels by time:
     D:1: 1279 daAuts
     D:2: 157 daAuts
